 Dungeon Crawl Stone Soup version 0.19-a0-1168-g98094fc (webtiles) character file.

1740 JustSomeDude the Shield-Bearer (level 8, -6/62 HPs)
             Began as a Demonspawn Fighter on Aug 15, 2016.
             Mangled by an orc warrior
             ... wielding a +0 scimitar
              (17 damage)
             ... on level 7 of the Dungeon.
             The game lasted 00:12:59 (4364 turns).

JustSomeDude the Shield-Bearer (Demonspawn Fighter) Turns: 4364, Time: 00:13:00

Health: -6/62      AC:  6    Str: 15 (18) XL:     8   Next: 77%
Magic:  8/8        EV: 12    Int:  7 (10) God:
Gold:   370        SH:  9    Dex: 10 (13) Spells: 0 memorised, 7 levels left

rFire  . . .     SeeInvis .     w - +3 spear (pierce)
rCold  . . .     Gourm    .     t - +0 ring mail (curse)
rNeg   . . .     Faith    .     c - +0 shield
rPois  .         Spirit   .     (helmet restricted)
rElec  .         Dismiss  .     (no cloak)
rCorr  .         Reflect  .     (no gloves)
MR     .....     Harm     .     (no boots)
Stlth  +.........               (no amulet)
                                (no ring)
                                o - ring of wizardry

@: no status effects
A: horns 1, repulsion field 1, foul stench 1, spiny 2, rot immunity
a: no special abilities


You were on level 7 of the Dungeon.
You were hungry.

You visited 1 branch of the dungeon, and saw 7 of its levels.

You collected 370 gold pieces.

Inventory:

Hand Weapons
 w - a +3 spear of piercing (weapon)
 F - a +2 spear of venom
Missiles
 p - 5 steel tomahawks (quivered)
 v - 11 tomahawks
Armour
 b - a +0 scale mail
 c - a +0 shield (worn)
 r - a +0 large shield
 t - a cursed +0 ring mail (worn)
Jewellery
 o - a ring of wizardry (left hand)
Wands
 u - a wand of acid (8/15)
 D - a wand of digging (14/24)
 H - a wand of digging (15/24)
Scrolls
 e - 2 scrolls of teleportation {unknown}
 k - 4 scrolls of identify
 m - 4 scrolls of enchant weapon
 q - a scroll of remove curse {unknown}
 x - a scroll of immolation {unknown}
 y - a scroll of recharging {unknown}
 B - a scroll of random uselessness {unknown}
 E - a scroll of fear {unknown}
 G - a scroll of fog {unknown}
Potions
 a - 2 potions of curing {unknown}
 h - 3 potions of berserk rage {unknown}
 j - a potion of flight {unknown}
 l - a potion of degeneration
 s - 3 potions of invisibility
 z - a potion of cure mutation {unknown}
 A - a potion of magic {unknown}
 C - a potion of agility {unknown}
Comestibles
 f - 2 bread rations
 g - a beef jerky
 i - 6 meat rations
 n - 2 fruits


   Skills:
 + Level 5.3 Fighting
 + Level 5.0 Polearms
 + Level 4.8 Armour
 + Level 4.3 Dodging
 + Level 2.2 Stealth
 + Level 5.5 Shields


You had 7 spell levels left.
You didn't know any spells.

Dungeon Overview and Level Annotations

Branches:
Dungeon (7/15)
 Temple: D:4-7

Altars:
Trog


Innate Abilities, Weirdness & Mutations

You have a pair of small horns on your head.
You are surrounded by a mild repulsion field. (EV +2)
You may emit foul miasma when damaged in melee.
You are mostly covered in sharp spines.
You are immune to rotting.


Message History

You barely miss the orc warrior. Your headbutt misses the orc warrior.
The orc warrior is heavily wounded.
The orc warrior closely misses you.
Your shield and ring mail prevent you from hitting the orc warrior.
Your headbutt misses the orc warrior.
The orc warrior is heavily wounded.
The phantom blinks!
The orc warrior is struck by your spines.
The orc warrior closely misses you.
You hit the orc warrior but do no damage.
The orc warrior is severely wounded.
The phantom blinks!
The orc warrior hits you with a scimitar!
* * * LOW HITPOINT WARNING * * *
It was a potion of degeneration.
There was something very wrong with that liquid.
You feel weakened.
You feel dopey.
You feel clumsy.
The orc warrior is struck by your spines.
The orc warrior hits you with a scimitar!
You die...

..# ##. ...
#.. #.## .(
##... #§#
....## ..###..
#!.###.W.....
### #...)..#
#..
####o....##
#.#
#>@oo#.#....#
#.#
#.###§.####..#
###.#####.#
#.## ...
#.....(...#
#.# ##
#.......###
#.# #..<....#
#.# #.......#
.# #.......#
#.......#


You could see a phantom, an orc warrior, an orc wizard and an orc.

Vanquished Creatures
  Eustachio (D:5)
  Menkaure (D:4)
  4 ogres
  A phantom (D:4)
  A centaur (D:5)
  3 crimson imps
  A giant frog skeleton (D:4)
  3 hounds
  2 orc priests
  Natasha (thrice) (D:3)
  An iguana (D:6)
  4 orc wizards
  7 worker ants
  A hound zombie (D:5)
  11 gnolls
  10 adders
  2 shadow imps
  An ooze (D:4)
  An adder zombie (D:3)
  An adder skeleton (D:5)
  2 worms
  2 dart slugs (D:1)
  3 giant geckos
  16 orcs
  2 bats
  3 giant cockroaches
  4 goblins
  3 hobgoblins
  3 jackals (D:2)
  3 kobolds
  3 quokkas
  A ball python skeleton (D:4)
  2 giant gecko skeletons
  5 giant newts
  A jackal skeleton (D:6)
  2 quokka zombies (D:6)
  3 rats
117 creatures vanquished.

Notes
Turn   | Place    | Note
-------+----------+-------------------------------------------
     0 | D:1      | JustSomeDude the Demonspawn Fighter began the quest for the Orb.
     0 | D:1      | Reached XP level 1. HP: 18/18 MP: 1/1
   310 | D:1      | Gained mutation: You are partially covered in sharp spines. [demonic ancestry]
   310 | D:1      | Reached XP level 2. HP: 24/24 MP: 2/2
   671 | D:2      | Gained mutation: You are immune to rotting. [demonic ancestry]
   671 | D:2      | Reached XP level 3. HP: 26/29 MP: 3/3
  1749 | D:3      | Gained mutation: You may emit foul miasma when damaged in melee. [demonic ancestry]
  1749 | D:3      | Reached XP level 4. HP: 20/36 MP: 4/4
  1796 | D:3      | Noticed Natasha
  1801 | D:3      | Killed Natasha
  1804 | D:3      | Reached skill level 1 in Dodging
  1889 | D:3      | Gained mutation: You are mostly covered in sharp spines. [demonic ancestry]
  1889 | D:3      | Reached XP level 5. HP: 18/42 MP: 5/5
  1918 | D:3      | Noticed Natasha
  2100 | D:3      | Killed Natasha
  2251 | D:3      | Noticed Natasha
  2255 | D:3      | Killed Natasha
  2385 | D:4      | Noticed an ogre
  2391 | D:4      | Killed an ogre
  2391 | D:4      | Reached XP level 6. HP: 41/48 MP: 6/6
  2470 | D:4      | Reached skill level 1 in Stealth
  2509 | D:4      | Noticed Menkaure
  2521 | D:4      | Killed Menkaure
  2608 | D:4      | Gained mutation: You are surrounded by a mild repulsion field. (EV +2) [demonic ancestry]
  2608 | D:4      | Reached XP level 7. HP: 34/54 MP: 7/7
  3006 | D:5      | Entered Level 5 of the Dungeon
  3123 | D:5      | Gained mutation: You have a pair of small horns on your head. [demonic ancestry]
  3123 | D:5      | Reached XP level 8. HP: 59/61 MP: 8/8
  3160 | D:5      | Found a bloodstained altar of Trog.
  3598 | D:5      | Noticed Eustachio
  3623 | D:5      | Killed Eustachio
  3623 | D:5      | Reached skill level 5 in Fighting
  3623 | D:5      | Reached skill level 5 in Shields
  3993 | D:6      | Reached skill level 5 in Polearms
  4364 | D:7      | Mangled by an orc warrior

Vault maps used:
D:1:      minmay_arrival_open_corners
D:2:      first_bread
D:3:      hex_tiny, amethyst_killhole, uniq_natasha
D:4:      uniq_menkaure
D:5:      bloody_trog, serial_bayou_crossing, uniq_eustachio
D:7:      uniq_duvessa

Skill      XL: |  1  2  3  4  5  6  7  8 |
---------------+-------------------------+-----
Polearms       | 2 3 4 5 |  5.0
Armour         | 3 4 |  4.8
Shields        | 3 4 5 |  5.5
Dodging        | 1 2 3 4 |  4.3
Fighting       | 4 5 |  5.3
Stealth        | 1 2 |  2.2

Action                   |  1- 3 |  4- 6 |  7- 9 || total
-------------------------+-------+-------+-------++-------
Melee: Trident           |   106 |     2 |       ||   108
       Spear             |       |   136 |   260 ||   396
       Headbutt          |       |       |    20 ||    20
  Use: Potion            |       |     2 |     2 ||     4
       Scroll            |       |       |     3 ||     3
 Stab: Invisible         |       |       |     3 ||     3
  Eat: Chunk             |     2 |     4 |     5 ||    11
Armor: Scale mail        |    42 |    17 |    18 ||    77
       Ring mail         |       |       |    11 ||    11
Dodge: Dodged            |    25 |    29 |    60 ||   114
Block: Shield            |    57 |    40 |    85 ||   182
